Map: Cerulean Fall LE

Players

Lamduy - Winner!

  • Race: Terran Terran
  • League: Silver
  • Spawn Location: 1:00

ddalkijam

  • Race: Terran Terran
  • League: Gold
  • Spawn Location: 7:00

VOD

Have the link to the VOD?

Description

Time

  • Played on: Sept. 24, 2018, 8:22 a.m.
  • Length: 7:53
Show
View Real Time Build Order
Export as new Build Order

Lamduy Terran - Winner!

Build Orders: Command Center First (CC) 

Get SALT Encoding   

  12  0:01  SCV  
  13  0:16  Supply Depot  
  13  0:21  Refinery  
  13  0:33  SCV  
  14  0:40  Engineering Bay  
  14  0:51  SCV  
  15  1:24  Command Center  
  15  1:28  SCV  
  16  1:42  Barracks  
  16  1:49  SCV  
  17  2:02  SCV  
  18  2:15  SCV  
  19  2:18  Hi-Sec Auto Tracking  
  19  2:42  Marine  
  19  2:44  Supply Depot  
  20  2:55  SCV  
  20  2:58  Refinery  
  21  3:00  Marine  
  22  3:07  SCV  
  23  3:13  Planetary Fortress  
  23  3:18  Marine  
  24  3:39  Orbital Command  
  23  4:33  SCV  
  24  4:41  Barracks Reactor  
  24  4:43  Barracks  
  24  4:45  SCV  
  24  4:46  Barracks  
  24  4:47  Factory  
  24  4:48  Factory  
  24  4:58  SCV  
  25  5:10  SCV  
  26  5:21  Marine x2  
  28  5:32  Barracks Reactor  
  28  5:34  Barracks Reactor  
  28  5:35  Barracks Tech Lab  
  28  5:36  Factory Reactor x2  
  28  5:38  Marine  
  28  5:39  Marine  
  30  5:45  Command Center  
  30  5:50  Refinery  
  30  5:52  Refinery  
  30  5:56  Marine x2  
  32  6:03  Reaper  
  33  6:14  Marine x2  
  35  6:28  Reaper x2  
  35  6:32  Reaper x2  
  38  6:36  Marauder  
  35  6:57  Marauder  
  35  7:00  Marine x2  
  37  7:07  Widow Mine x4  
  45  7:13  Orbital Command  
  45  7:19  Marauder  
Show
View Real Time Build Order
Export as new Build Order

ddalkijam Terran 

Build Orders:  

Get SALT Encoding   

  12  0:02  SCV  
  13  0:15  SCV  
  14  0:24  Supply Depot  
  14  0:31  SCV  
  15  0:40  Refinery  
  15  0:43  Refinery  
  15  0:49  Barracks  
  15  0:58  Supply Depot  
  15  1:03  SCV  
  16  1:20  SCV  
  17  1:32  Barracks  
  17  1:34  SCV  
  18  1:46  SCV  
  19  2:03  Barracks Tech Lab  
  19  2:07  Barracks  
  19  2:09  SCV  
  20  2:26  Barracks  
  20  2:32  Barracks Reactor  
  20  2:33  Stimpack  
  20  2:42  Marauder  
  22  2:55  Orbital Command  
  22  3:10  Marine x2  
  24  3:15  Barracks Reactor  
  24  3:19  Barracks Reactor  
  24  3:53  Marine  
  24  3:54  Marine  
  24  3:55  Marine x2  
  26  4:02  Marine x2  
  23  4:04  Marauder  
  23  4:13  Marine x2  
  17  4:20  Marine x3  
  14  4:25  Marine  
  12  4:37  Marine  
  1  5:42  Orbital Command  
  1  5:45  Marine  
  1  5:46  Marine  
  3  5:51  Marine  
  4  6:25  SCV  
  5  6:49  SCV  
  6  7:01  SCV  
  6  7:14  SCV  
  7  7:26  SCV  
  8  7:33  Marine x2  
  10  7:38  SCV  
Tags
 
Add a new tag
Caveats
  • Supply blocks, unpowered buildings, or Contaminate may cause inaccurate times.
  • Supply counts are checked every 10 seconds.